[Event "ICC tourney 2556 (25 5)"]
[Site "Internet Chess Club"]
[Date "2021.05.08"]
[Round "2"]
[White "NANNAPANENI, SAHARSH:K05-16276626"]
[Black "ZIZOLD, VICTORIA:K05-16744153"]
[Result "1-0"]
[ICCResult "Black checkmated"]
[WhiteElo "743"]
[BlackElo "205"]
[Opening "Queen's pawn game"]
[ECO "D00"]
[NIC "QP.08"]
[Time "13:34:15"]
[PlyCount "101"]
[TimeControl "1500+5"]

1. d4 d5 2. e3 Nc6 3. f4 f5 4. Nf3 e6 5. c3 Nf6 6. Bd3 Bd6 7. O-O O-O 8.
Qe2 b5 9. Bxb5 Na5 10. Bd3 Bb7 11. Nbd2 h5 12. Ne5 Bxe5 13. fxe5 Ng4 14. h3
Nh6 15. b3 f4 16. Rxf4 Rxf4 17. exf4 Nc6 18. Bb2 Ne7 19. Qxh5 Nef5 20. Bxf5
Nxf5 21. Re1 Ne7 22. Qh4 a5 23. Ba3 Nf5 24. Qxd8+ Rxd8 25. Bc5 c6 26. Bb6
Rc8 27. Bxa5 g5 28. fxg5 Ng3 29. Kh2 Nh5 30. Nf3 Ba6 31. Bb4 Bd3 32. Bc5
Nf4 33. Nh4 Ra8 34. Rf1 Bxf1 35. a4 Rb8 36. b4 Rf8 37. Bxf8 Kxf8 38. a5 Ke8
39. g6 Kf8 40. g3 Ne2 41. a6 Nxc3 42. a7 c5 43. a8=Q+ Kg7 44. Qb7+ Kh6 45.
Qh7+ Kg5 46. Qe7+ Kh5 47. bxc5 Ne4 48. g7 Nxg3 49. Kxg3 Bxh3 50. g8=Q Kh6
51. Qeh7# { Black checkmated } 1-0

[Event "ICC tourney 2556 (25 5)"]
[Site "Internet Chess Club"]
[Date "2021.05.08"]
[Round "2"]
[White "DESHPANDE, OJAS AMIT:K05-16725875"]
[Black "VARADA JAKKAMREDDY, ARJUN:K05-17229191"]
[Result "1-0"]
[ICCResult "Black checkmated"]
[WhiteElo "829"]
[BlackElo "415"]
[Opening "Two knights defense"]
[ECO "C55"]
[NIC "KP.02"]
[Time "13:33:53"]
[PlyCount "69"]
[TimeControl "1500+5"]

1. e4 e5 2. Nf3 Nc6 3. d4 exd4 4. Bc4 Nf6 5. O-O Bb4 6. Bg5 Be7 7. e5 Ne4
8. Bxe7 Qxe7 9. Re1 Nc5 10. c3 dxc3 11. Nxc3 O-O 12. Nd5 Qd8 13. b4 Ne6 14.
a3 d6 15. exd6 Qxd6 16. g3 h6 17. Qb3 Ned4 18. Nxd4 Nxd4 19. Qd3 c5 20.
bxc5 Qxc5 21. Ne7+ Qxe7 22. Rxe7 Nc6 23. Re4 Bf5 24. Rae1 Bxe4 25. Rxe4
Rad8 26. Qe3 Rfe8 27. Rxe8+ Rxe8 28. Qxe8+ Kh7 29. Qxf7 Ne5 30. Qg8+ Kg6
31. Qe6+ Kg5 32. Qxe5+ Kg6 33. h4 h5 34. Qg5+ Kh7 35. Qxh5# { Black
checkmated } 1-0

[Event "ICC tourney 2556 (25 5)"]
[Site "Internet Chess Club"]
[Date "2021.05.08"]
[Round "2"]
[White "SKOCZYLAS, ALEXANDER:K05-16503528"]
[Black "PEYTON, NATHAN:K05-16452322"]
[Result "1-0"]
[ICCResult "Black checkmated"]
[WhiteElo "1001"]
[BlackElo "1481"]
[Opening "Petrov: Nimzovich attack"]
[ECO "C42"]
[NIC "RG.03"]
[Time "13:33:52"]
[PlyCount "103"]
[TimeControl "1500+5"]

1. e4 e5 2. Nf3 Nf6 3. Nxe5 d6 4. Nf3 Nxe4 5. Nc3 Nf6 6. Bc4 d5 7. Bb3 Be7
8. d4 O-O 9. O-O Bg4 10. h3 Bh5 11. Bg5 Nbd7 12. Re1 c6 13. Qe2 Re8 14. Qd3
Ne4 15. Nxe4 dxe4 16. Qxe4 Bxg5 17. Qxe8+ Qxe8 18. Rxe8+ Rxe8 19. Nxg5 h6
20. Nf3 Bxf3 21. gxf3 a5 22. d5 c5 23. Ba4 Rd8 24. Bxd7 Rxd7 25. Rd1 f5 26.
f4 Kf7 27. c4 b6 28. Re1 Re7 29. Rxe7+ Kxe7 30. Kf1 Kd6 31. h4 g6 32. Ke2
Kd7 33. Kf3 Kd6 34. h5 gxh5 35. Kg3 b5 36. b3 b4 37. Kh4 Ke7 38. Kxh5 Kf6
39. Kxh6 Ke7 40. Kg6 Kd6 41. Kxf5 Ke7 42. Ke5 Kd7 43. f5 Ke7 44. f6+ Kf7
45. d6 Ke8 46. Ke6 a4 47. d7+ Kd8 48. f7 a3 49. f8=Q+ Kc7 50. Qc8+ Kb6 51.
d8=Q+ Ka7 52. Qa8# { Black checkmated } 1-0

[Event "ICC tourney 2556 (25 5)"]
[Site "Internet Chess Club"]
[Date "2021.05.08"]
[Round "2"]
[White "SRIADITYA KUNAPULI, SIDDARTH:K05-16368693"]
[Black "CAO, EVAN:K05-16823573"]
[Result "1-0"]
[ICCResult "Black checkmated"]
[WhiteElo "1533"]
[BlackElo "1025"]
[Opening "Scotch gambit"]
[ECO "C44"]
[NIC "SO.06"]
[Time "13:34:22"]
[PlyCount "71"]
[TimeControl "1500+5"]

1. e4 e5 2. Nf3 Nc6 3. d4 exd4 4. Bc4 h6 5. Nxd4 Bc5 6. Be3 Qf6 7. c3 Nge7
8. O-O Nxd4 9. cxd4 Bb6 10. e5 Qc6 11. Bd3 O-O 12. Nc3 d6 13. Bb5 Qxb5 14.
Nxb5 a6 15. exd6 cxd6 16. Nxd6 Bc7 17. Bf4 Bxd6 18. Bxd6 Re8 19. Re1 Be6
20. Bxe7 Rxe7 21. d5 Rd8 22. dxe6 Rxd1 23. Raxd1 fxe6 24. Rd6 Kf7 25. f4
Kf6 26. Red1 Kf5 27. Rd7 Re8 28. Rxg7 Kxf4 29. Rxb7 e5 30. g3+ Kf3 31. Rb3+
Ke2 32. Rf1 e4 33. Rf2+ Ke1 34. Re3+ Kd1 35. Kf1 Kc1 36. Re1# { Black
checkmated } 1-0

[Event "ICC tourney 2556 (25 5)"]
[Site "Internet Chess Club"]
[Date "2021.05.08"]
[Round "2"]
[White "GORDON, SAMMY:K05-16134625"]
[Black "RAJESH, DHRUV:K05-17236526"]
[Result "1-0"]
[ICCResult "Black resigns"]
[WhiteElo "1397"]
[BlackElo "910"]
[Opening "QGD Slav: 4.Nc3"]
[ECO "D15"]
[NIC "SL.03"]
[Time "13:32:44"]
[PlyCount "67"]
[TimeControl "1500+5"]

1. d4 d5 2. c4 c6 3. Nf3 Nf6 4. Nc3 Bf5 5. cxd5 cxd5 6. Qb3 Qc7 7. g3 e6 8.
Bf4 Qc8 9. Rc1 Nc6 10. Nb5 a6 11. Nc7+ Kd7 12. Nxa8 Qxa8 13. Ne5+ Nxe5 14.
Bxe5 Ne4 15. Rc7+ Kd8 16. Rxb7 Qxb7 17. Qxb7 Bd6 18. Bxd6 Nxd6 19. Qa8+ Nc8
20. Qc6 Re8 21. e3 Re7 22. Qxa6 Rc7 23. Qa5 Be4 24. Rg1 Kd7 25. Bb5+ Kd8
26. Ke2 Nd6 27. Rc1 Nxb5 28. Rxc7 Nxc7 29. f3 Bg6 30. b4 Kd7 31. b5 Kd6 32.
b6 Na8 33. b7 Nc7 34. b8=Q { Black resigns } 1-0

[Event "ICC tourney 2556 (25 5)"]
[Site "Internet Chess Club"]
[Date "2021.05.08"]
[Round "2"]
[White "SUNG, LUCAS:K05-16250308"]
[Black "A FONSECA, ZURIEL:K05-17280892"]
[Result "1-0"]
[ICCResult "Black checkmated"]
[WhiteElo "750"]
[BlackElo "208"]
[Opening "Four knights: Italian variation"]
[ECO "C47"]
[NIC "VO.05"]
[Time "13:33:39"]
[PlyCount "45"]
[TimeControl "1500+5"]

1. e4 Nc6 2. Nf3 Nf6 3. Nc3 e5 4. Bc4 Na5 5. b3 Nc6 6. O-O d5 7. exd5 Bd6
8. Bb2 Be6 9. dxe6 O-O 10. Ne4 fxe6 11. Nc5 Bxc5 12. Bd3 Qxd3 13. cxd3 Rfd8
14. Qb1 Bxf2+ 15. Rxf2 Nh5 16. Nxe5 Rf8 17. Rxf8+ Rxf8 18. Nd7 Rd8 19. Qf1
Rxd7 20. Qf3 Nf6 21. Rf1 Nd5 22. Qg3 Rd8 23. Qxg7# { Black checkmated } 1-0

[Event "ICC tourney 2556 (25 5)"]
[Site "Internet Chess Club"]
[Date "2021.05.08"]
[Round "2"]
[White "HARDIKAR, RISHI:K05-17067607"]
[Black "BAO, MAXIMILIAN:K05-16427073"]
[Result "1-0"]
[ICCResult "Black checkmated"]
[WhiteElo "255"]
[BlackElo "778"]
[Opening "Giuoco Pianissimo: Italian four knights variation"]
[ECO "C55"]
[NIC "IG.01"]
[Time "13:34:14"]
[PlyCount "95"]
[TimeControl "1500+5"]

1. e4 e5 2. Nf3 Nc6 3. Bc4 Nf6 4. Nc3 Bc5 5. d3 O-O 6. Bg5 h5 7. Nd5 Na5 8.
Nxe5 Nxc4 9. dxc4 c6 10. Nf4 d6 11. Nxh5 Nxh5 12. Bxd8 Rxd8 13. Qxh5 dxe5
14. O-O Rd4 15. Qxe5 Bb6 16. c5 f6 17. Qxd4 Bc7 18. Qc4+ Kf8 19. f4 b6 20.
e5 bxc5 21. Qxc5+ Kg8 22. exf6 Bb6 23. Qxb6 axb6 24. fxg7 Kxg7 25. f5 Ba6
26. f6+ Kf7 27. Rf2 Rh8 28. g4 Rg8 29. h3 Rh8 30. g5 Rg8 31. h4 Rh8 32. g6+
Kxg6 33. f7 Rf8 34. h5+ Kxh5 35. Re1 Bc4 36. Re7 Bxa2 37. b3 b5 38. Re8
Rxf7 39. Rxf7 Kg6 40. Ref8 c5 41. Rf6+ Kg7 42. R8f7+ Kg8 43. Re7 c4 44.
bxc4 Bxc4 45. Re4 Kg7 46. Rf2 Bd5 47. Rg4+ Kh6 48. Rh2# { Black checkmated
} 1-0

[Event "ICC tourney 2556 (25 5)"]
[Site "Internet Chess Club"]
[Date "2021.05.08"]
[Round "2"]
[White "LU, YIDING:K05-16857692"]
[Black "FEUERSTEIN, JACOB:K05-16195750"]
[Result "1-0"]
[ICCResult "Black resigns"]
[WhiteElo "1733"]
[BlackElo "1099"]
[Opening "Scandinavian (center counter) defense"]
[ECO "B01"]
[NIC "SD.02"]
[Time "13:32:41"]
[PlyCount "55"]
[TimeControl "1500+5"]

1. e4 d5 2. exd5 Qxd5 3. Nc3 Qd8 4. d4 Nf6 5. Bc4 a6 6. Nge2 b5 7. Bb3 e6
8. Bg5 Be7 9. Qd2 Bd7 10. O-O-O O-O 11. f3 Nc6 12. h4 h6 13. Be3 Na5 14. g4
Nh7 15. g5 hxg5 16. hxg5 Nxb3+ 17. axb3 Bxg5 18. f4 Bf6 19. Ng3 Bh4 20. Qh2
f5 21. Qxh4 Qxh4 22. Rxh4 b4 23. Na4 Rab8 24. Nc5 Bb5 25. Nxe6 Rfe8 26. d5
c6 27. Bd4 cxd5 28. Nxg7 { Black resigns } 1-0

[Event "ICC tourney 2556 (25 5)"]
[Site "Internet Chess Club"]
[Date "2021.05.08"]
[Round "2"]
[White "MAJUMDAR, ABHI:K05-16196465"]
[Black "ADEWUMI, TANITOLUWA:K05-16649696"]
[Result "0-1"]
[ICCResult "White resigns"]
[WhiteElo "1150"]
[BlackElo "2132"]
[Opening "Queen's pawn: London system"]
[ECO "A45"]
[NIC "QP.07"]
[Time "13:34:02"]
[PlyCount "62"]
[TimeControl "1500+5"]

1. d4 Nf6 2. Bf4 g6 3. Nc3 d5 4. e3 Bg7 5. Nf3 O-O 6. Bd3 c5 7. Nb5 c4 8.
Be2 Qa5+ 9. Nc3 Bf5 10. O-O Nc6 11. a3 b5 12. Re1 e6 13. Bd6 Rfc8 14. Bf1
a6 15. Ne2 Ne4 16. Bf4 Qb6 17. Ng3 a5 18. Nxf5 exf5 19. c3 b4 20. cxb4 axb4
21. a4 b3 22. Nd2 Nb4 23. Nxe4 fxe4 24. Qg4 f5 25. Qg3 Nc2 26. Reb1 Nxa1
27. Rxa1 c3 28. Bb5 cxb2 29. Rb1 Rc1+ 30. Rxc1 bxc1=Q+ 31. Bf1 Qa6 { White
resigns } 0-1

[Event "ICC tourney 2556 (25 5)"]
[Site "Internet Chess Club"]
[Date "2021.05.08"]
[Round "2"]
[White "DHURJATI, ANAGHA:K05-17003536"]
[Black "LEE WANG, HUBERT:K05-17101448"]
[Result "0-1"]
[ICCResult "White resigns"]
[WhiteElo "1269"]
[BlackElo "860"]
[Opening "Giuoco Piano"]
[ECO "C53"]
[NIC "IG.02"]
[Time "13:33:09"]
[PlyCount "43"]
[TimeControl "1500+5"]

1. e4 e5 2. Nf3 Nc6 3. Bc4 Bc5 4. c3 Qf6 5. O-O d6 6. d3 Nge7 7. Bg5 Qg6 8.
Bb5 h6 9. Bxe7 Kxe7 10. Qd2 Bh3 11. Nh4 Qg4 12. Nf5+ Kf8 13. Ng3 h5 14.
gxh3 Qxh3 15. Bxc6 bxc6 16. Qg5 h4 17. Nf5 g6 18. Qf6 Qg4+ 19. Ng3 hxg3 20.
Qxh8+ Ke7 21. Qh6 gxf2+ 22. Kh1 { White resigns } 0-1

[Event "ICC tourney 2556 (25 5)"]
[Site "Internet Chess Club"]
[Date "2021.05.08"]
[Round "2"]
[White "VARMA, ISHAN:K05-16055185"]
[Black "SHETTY, DARSH:K05-16728985"]
[Result "0-1"]
[ICCResult "White checkmated"]
[WhiteElo "931"]
[BlackElo "1431"]
[Opening "Giuoco Piano"]
[ECO "C54"]
[NIC "IG.02"]
[Time "13:33:07"]
[PlyCount "114"]
[TimeControl "1500+5"]

1. e4 e5 2. Nf3 Nc6 3. Bc4 Bc5 4. c3 Nf6 5. d4 exd4 6. cxd4 Bb4+ 7. Bd2
Bxd2+ 8. Nbxd2 d5 9. exd5 Nxd5 10. O-O O-O 11. Qb3 Nb6 12. d5 Na5 13. Qd3
Naxc4 14. Nxc4 Qxd5 15. Qxd5 Nxd5 16. Rfd1 c6 17. Na5 Rb8 18. Re1 Be6 19.
Nd4 Rfe8 20. Re5 Bd7 21. Rae1 Rxe5 22. Rxe5 f6 23. Re4 c5 24. Ne6 b6 25.
Nc4 Re8 26. Nxc5 bxc5 27. Rxe8+ Bxe8 28. Kf1 Bb5 29. b3 Bxc4+ 30. bxc4 Nb6
31. Ke2 Nxc4 32. Kd3 Ne5+ 33. Ke4 Kf7 34. Kd5 c4 35. Kd4 g5 36. h3 Ke6 37.
g4 Kd6 38. a4 a5 39. Kc3 Kc5 40. Kc2 Kb4 41. Kd2 Kxa4 42. Ke3 Kb3 43. f4
gxf4+ 44. Kxf4 c3 45. g5 fxg5+ 46. Kf5 c2 47. h4 gxh4 48. Kg5 c1=Q+ 49. Kh5
Qc2 50. Kg5 Qg6+ 51. Kf4 h3 52. Ke3 Qg3+ 53. Kd2 Qc3+ 54. Ke2 h2 55. Kf2
h1=Q 56. Ke2 Qg2+ 57. Kd1 Qa1# { White checkmated } 0-1

[Event "ICC tourney 2556 (25 5)"]
[Site "Internet Chess Club"]
[Date "2021.05.08"]
[Round "2"]
[White "SUAREZ, SEBASTIAN:K05-16875347"]
[Black "JAVERI, KIAAN:K05-16378244"]
[Result "1-0"]
[ICCResult "Black resigns"]
[WhiteElo "1414"]
[BlackElo "915"]
[Opening "Giuoco Pianissimo"]
[ECO "C55"]
[NIC "IG.01"]
[Time "13:33:03"]
[PlyCount "55"]
[TimeControl "1500+5"]

1. e4 e5 2. Nf3 Nc6 3. Bc4 Nf6 4. d3 Bc5 5. Be3 d6 6. Bxc5 dxc5 7. Nc3 Bg4
8. h3 Bh5 9. g4 Bg6 10. Nd5 Nxd5 11. Bxd5 Qf6 12. Bxc6+ bxc6 13. h4 h5 14.
g5 Qf4 15. Nd2 c4 16. Nxc4 Bxe4 17. Rg1 Qh2 18. Rg3 Bf5 19. Qf3 Bg4 20.
Qxc6+ Ke7 21. Qg2 Qxh4 22. Nxe5 Rae8 23. Re3 Qxg5 24. Nf3+ Qxe3+ 25. fxe3
Kd8 26. Kd2 Re7 27. Nd4 Kd7 28. Qd5+ { Black resigns } 1-0

[Event "ICC tourney 2556 (25 5)"]
[Site "Internet Chess Club"]
[Date "2021.05.08"]
[Round "2"]
[White "L LIU, JASON:K05-15325166"]
[Black "ENRIQUEZ, EULALIO:K05-16621387"]
[Result "1-0"]
[ICCResult "Black checkmated"]
[WhiteElo "1615"]
[BlackElo "1071"]
[Opening "Sicilian: Labourdonnais-Löwenthal variation"]
[ECO "B32"]
[NIC "SI.32"]
[Time "13:33:35"]
[PlyCount "63"]
[TimeControl "1500+5"]

1. e4 c5 2. Nf3 Nc6 3. d4 cxd4 4. Nxd4 e5 5. Nf3 Nf6 6. Nc3 Bb4 7. Bd3 d5
8. O-O Bxc3 9. exd5 Nxd5 10. bxc3 Nxc3 11. Qe1 Nd5 12. Nxe5 Nxe5 13. Qxe5+
Kf8 14. Bb2 f6 15. Qe4 f5 16. Qe5 Qf6 17. Qxd5 Qb6 18. Ba3+ Ke8 19. Bb5+
Qxb5 20. Qxb5+ Bd7 21. Qe5+ Kd8 22. Rad1 Re8 23. Qd5 Re7 24. Bxe7+ Kxe7 25.
Qxd7+ Kf6 26. Rd6+ Ke5 27. Re1+ Kf4 28. Rd4+ Kg5 29. Qxg7+ Kh5 30. Qxh7+
Kg5 31. h4+ Kf6 32. Rd6# { Black checkmated } 1-0

[Event "ICC tourney 2556 (25 5)"]
[Site "Internet Chess Club"]
[Date "2021.05.08"]
[Round "2"]
[White "LANG, CONNOR:K05-15878215"]
[Black "MANIMARAN, SHIVANI:K05-16614018"]
[Result "0-1"]
[ICCResult "White checkmated"]
[WhiteElo "1275"]
[BlackElo "866"]
[Opening "Dutch defense, Rubinstein variation"]
[ECO "A84"]
[NIC "HD.10"]
[Time "13:33:41"]
[PlyCount "82"]
[TimeControl "1500+5"]

1. d4 f5 2. c4 e6 3. Nc3 Nf6 4. Nf3 Bb4 5. Bg5 h6 6. Bh4 g5 7. Bg3 f4 8.
Bxf4 gxf4 9. Ne5 Rg8 10. f3 d5 11. c5 b6 12. c6 Qd6 13. a3 Bxc3+ 14. bxc3
a6 15. Qc2 Nxc6 16. Nd3 Bb7 17. Qd2 O-O-O 18. Nb4 Na5 19. Qc2 Nc4 20. Ra2
a5 21. Nd3 h5 22. h4 Nxa3 23. Qc1 Nc4 24. Nxf4 e5 25. dxe5 Qxe5 26. e4 Ba6
27. Kf2 dxe4 28. Ra4 Qc5+ 29. Ke1 Qc6 30. Qc2 exf3 31. gxf3 Rge8+ 32. Kf2
Qc5+ 33. Kg3 Rg8+ 34. Kh2 Rd2+ 35. Qxd2 Nxd2 36. Bxa6+ Kb8 37. Nd3 Qd6+ 38.
Nf4 Nxf3+ 39. Kh3 Qd7+ 40. Ne6 Qxe6+ 41. Rg4 Qxg4# { White checkmated } 0-1

[Event "ICC tourney 2556 (25 5)"]
[Site "Internet Chess Club"]
[Date "2021.05.08"]
[Round "2"]
[White "TAITT, ANAIYA:K05-16452296"]
[Black "GUDI, KEERTHANA:K05-16551243"]
[Result "0-1"]
[ICCResult "White checkmated"]
[WhiteElo "443"]
[BlackElo "843"]
[Opening "Scotch opening"]
[ECO "C44"]
[NIC "KP.10"]
[Time "13:33:40"]
[PlyCount "94"]
[TimeControl "1500+5"]

1. e4 e5 2. Nf3 Nc6 3. d4 d6 4. Nc3 Nf6 5. Be2 Bg4 6. dxe5 dxe5 7. O-O Bxf3
8. Bxf3 Nd4 9. Be2 Bb4 10. Nd5 Nc6 11. Nxf6+ Qxf6 12. Bg4 O-O 13. Bf5 Ne7
14. Qh5 Nxf5 15. exf5 Rad8 16. Bg5 Qxf5 17. Rae1 Bxe1 18. Rxe1 h6 19. g4
Qxg5 20. h4 Qxh5 21. gxh5 f6 22. f3 Rd2 23. f4 exf4 24. Re7 Rxc2 25. b4 b6
26. a4 Rc4 27. a5 bxa5 28. bxa5 Rf7 29. Re8+ Rf8 30. Re7 a6 31. Kg2 Rc5 32.
Kh3 Rxh5 33. Kg4 Rxa5 34. Rxc7 Ra1 35. Kxf4 Ra8 36. Kf5 a5 37. Kg6 Rg1+ 38.
Kf5 a4 39. Ke6 a3 40. Ke7 a2 41. Rd7 a1=Q 42. Rd8+ Rxd8 43. Kxd8 Re1 44.
Kc8 Qd4 45. Kc7 Rc1+ 46. Kb8 Qb4+ 47. Ka7 Ra1# { White checkmated } 0-1

[Event "ICC tourney 2556 (25 5)"]
[Site "Internet Chess Club"]
[Date "2021.05.08"]
[Round "2"]
[White "PELES, ADAM:K05-15981861"]
[Black "KRISHNAN, SHREYANK:K05-16258876"]
[Result "1/2-1/2"]
[ICCResult "Game drawn by repetition"]
[WhiteElo "1011"]
[BlackElo "1486"]
[Opening "two knights defense: Fegatello attack"]
[ECO "C57"]
[NIC "KP.01"]
[Time "13:32:56"]
[PlyCount "103"]
[TimeControl "1500+5"]

1. e4 e5 2. Nf3 Nc6 3. Bc4 Nf6 4. Ng5 d5 5. exd5 Nxd5 6. Nxf7 Kxf7 7. Qf3+
Qf6 8. Bxd5+ Be6 9. Bxc6 bxc6 10. Qxc6 Rc8 11. Nc3 Be7 12. Nd5 Bxd5 13.
Qxd5+ Ke8 14. Qb7 Qf5 15. d3 Bc5 16. Qb5+ Kd8 17. Qxc5 a6 18. Be3 Qg6 19.
Qxe5 Qxg2 20. Qg5+ Qxg5 21. Bxg5+ Kd7 22. O-O-O h6 23. Be3 Rhf8 24. Rhg1
Rf7 25. Rg6 Ra8 26. Rdg1 Rg8 27. Rxa6 Re8 28. Rag6 Ree7 29. Bc5 Re5 30. Bd4
Ree7 31. Bxg7 Rxf2 32. Bxh6 Rxh2 33. Bf8 Ree2 34. Rg7+ Kc8 35. Ba3 Rxc2+
36. Kb1 Kb7 37. Rd1 Kc8 38. d4 Kb7 39. d5 Kc8 40. Rf7 Kd8 41. Rg7 Kc8 42.
b4 Rxa2 43. Bc1 Ra4 44. b5 Rb4+ 45. Ka1 Ra4+ 46. Kb1 Rb4+ 47. Ka1 Ra4+ 48.
Kb1 Rb4+ 49. Ka1 Ra4+ 50. Kb1 Rb4+ 51. Ka1 Ra4+ 52. Kb1 { Game drawn by
repetition } 1/2-1/2

[Event "ICC tourney 2556 (25 5)"]
[Site "Internet Chess Club"]
[Date "2021.05.08"]
[Round "2"]
[White "STEPHEN CAMERON, KYLE:K05-16158046"]
[Black "CHANG LIU, ERIC:K05-16650666"]
[Result "0-1"]
[ICCResult "White checkmated"]
[WhiteElo "1144"]
[BlackElo "2046"]
[Opening "Sicilian defense"]
[ECO "B20"]
[NIC "SI.48"]
[Time "13:35:02"]
[PlyCount "78"]
[TimeControl "1500+5"]

1. e4 c5 2. Bc4 e6 3. Nf3 Nc6 4. d4 d5 5. exd5 exd5 6. Qe2+ Be7 7. Bb5 a6
8. Bxc6+ bxc6 9. dxc5 Qa5+ 10. Nc3 Qxc5 11. Be3 Qb4 12. O-O Nf6 13. Bd4 O-O
14. a3 Qd6 15. Rfe1 Re8 16. Be5 Qd8 17. Bxf6 gxf6 18. Nd4 Bd7 19. Qh5 Bd6
20. Nf5 Bxf5 21. Qxf5 Re5 22. Qg4+ Rg5 23. Qh4 f5 24. Ne2 Rxg2+ 25. Kxg2
Qxh4 26. Ng3 f4 27. Re2 fxg3 28. hxg3 Qg4 29. Re3 Kg7 30. Rae1 h5 31. c4 h4
32. cxd5 cxd5 33. Rd1 Qxd1 34. gxh4 Qg4+ 35. Kf1 Rc8 36. Re1 Qf3 37. h5 Rc2
38. h6+ Kh7 39. b4 Qxf2# { White checkmated } 0-1

[Event "ICC tourney 2556 (25 5)"]
[Site "Internet Chess Club"]
[Date "2021.05.08"]
[Round "2"]
[White "PARIZIANU, PHILIP:K05-16138477"]
[Black "REDDY NALAMALPU, ASHIKA:K05-16684895"]
[Result "1-0"]
[ICCResult "Black checkmated"]
[WhiteElo "1334"]
[BlackElo "885"]
[Opening "Sicilian: closed"]
[ECO "B23"]
[NIC "SI.44"]
[Time "13:33:25"]
[PlyCount "65"]
[TimeControl "1500+5"]

1. e4 c5 2. Nc3 d6 3. g3 Nf6 4. Bg2 e5 5. Nge2 Nc6 6. d3 Be7 7. h3 a6 8.
Be3 Nd4 9. O-O Nxe2+ 10. Nxe2 O-O 11. Qd2 Kh8 12. f4 b5 13. f5 Bd7 14. g4
Bc6 15. Ng3 d5 16. Rf2 d4 17. Bg5 Nd7 18. Bxe7 Qxe7 19. Raf1 f6 20. Nh5 c4
21. Ng3 Rg8 22. Kh2 g5 23. Rc1 h6 24. Nh5 a5 25. c3 b4 26. dxc4 bxc3 27.
bxc3 Rab8 28. cxd4 exd4 29. Qxd4 Qe5+ 30. Qxe5 fxe5 31. Rd2 Nc5 32. Rd6
Bxe4 33. Rxh6# { Black checkmated } 1-0

[Event "ICC tourney 2556 (25 5)"]
[Site "Internet Chess Club"]
[Date "2021.05.08"]
[Round "2"]
[White "MANU, SHASHANK:K05-16671710"]
[Black "SUN, EVAN:K05-17182225"]
[Result "0-1"]
[ICCResult "White checkmated"]
[WhiteElo "535"]
[BlackElo "1011"]
[Opening "Réti: King's Indian attack (Barcza system)"]
[ECO "A07"]
[NIC "QP.09"]
[Time "13:32:48"]
[PlyCount "54"]
[TimeControl "1500+5"]

1. Nf3 d5 2. g3 Nc6 3. Bg2 e5 4. d3 Bf5 5. Nbd2 Nf6 6. O-O Bd6 7. Re1 O-O
8. Nh4 Bg6 9. Nxg6 fxg6 10. e4 dxe4 11. Nxe4 Nxe4 12. Bxe4 Bc5 13. Rf1 Qf6
14. Qe2 Nd4 15. Qd1 Rf7 16. Bd5 Nf3+ 17. Kg2 Rf8 18. Bxf7+ Rxf7 19. Be3 Qc6
20. Kh3 Qe6+ 21. g4 h5 22. Rg1 Nxg1+ 23. Qxg1 Bxe3 24. fxe3 Rf3+ 25. Kh4
g5+ 26. Kxg5 Qf6+ 27. Kxh5 Rh3# { White checkmated } 0-1

[Event "ICC tourney 2556 (25 5)"]
[Site "Internet Chess Club"]
[Date "2021.05.08"]
[Round "2"]
[White "YANG, JON:K05-16665853"]
[Black "LIN, JULIAN:K05-15856697"]
[Result "1/2-1/2"]
[ICCResult "Black stalemated"]
[WhiteElo "1086"]
[BlackElo "1648"]
[Opening "French defense"]
[ECO "C11"]
[NIC "FR.05"]
[Time "13:35:01"]
[PlyCount "117"]
[TimeControl "1500+5"]

1. e4 e6 2. d4 d5 3. Nc3 Nf6 4. Bg5 h6 5. Bxf6 Qxf6 6. Nf3 Bb4 7. Bd3 Nc6
8. e5 Qe7 9. O-O O-O 10. a3 Bxc3 11. bxc3 Na5 12. Nd2 c5 13. f4 Qh4 14. Nf3
Qxf4 15. g3 Qe3+ 16. Kg2 c4 17. Re1 Qxe1 18. Nxe1 cxd3 19. cxd3 f6 20. Nf3
Bd7 21. a4 Rac8 22. Qd2 Nb3 23. Qb2 Nxa1 24. Qxa1 g5 25. h4 g4 26. Nh2 f5
27. Qc1 Kg7 28. Nf1 Bxa4 29. Qa3 b5 30. Qe7+ Rf7 31. Qxe6 Rxc3 32. h5 Rcc7
33. Qg6+ Kf8 34. Qxh6+ Ke8 35. Qg6 b4 36. e6 b3 37. exf7+ Rxf7 38. Qg8+ Ke7
39. Qb8 a5 40. Nd2 Rf8 41. Qb7+ Kd6 42. Nxb3 Bc6 43. Qb6 Rc8 44. Nxa5 Kd7
45. Nxc6 Rxc6 46. Qxc6+ Kxc6 47. h6 f4 48. gxf4 Kb5 49. h7 Kb4 50. h8=Q Kc3
51. Qc8+ Kxd4 52. Qd7 Kc5 53. Kg3 d4 54. Kxg4 Kb4 55. Kf3 Kc3 56. Ke4 Kd2
57. Qxd4 Ke2 58. Qe3+ Kf1 59. Kf3 { Black stalemated } 1/2-1/2

[Event "ICC tourney 2556 (25 5)"]
[Site "Internet Chess Club"]
[Date "2021.05.08"]
[Round "2"]
[White "KANCHERLA, ROHAN:K05-16710337"]
[Black "WONG, WYATT:K05-17016313"]
[Result "0-1"]
[ICCResult "White checkmated"]
[WhiteElo "944"]
[BlackElo "1439"]
[Opening "King's Indian defense, 3.Nc3"]
[ECO "E61"]
[NIC "EO.64"]
[Time "13:34:51"]
[PlyCount "68"]
[TimeControl "1500+5"]

1. c4 Nf6 2. Nc3 g6 3. d4 Bg7 4. Nf3 O-O 5. e3 d6 6. h3 a6 7. Bd3 Re8 8.
O-O e5 9. d5 e4 10. Nxe4 Nxe4 11. Qb3 Nc5 12. Qd1 Nxd3 13. Qxd3 Bf5 14. Qb3
Nd7 15. Qxb7 Nb6 16. a4 Bc8 17. Qc6 Rb8 18. a5 Bd7 19. axb6 Bxc6 20. dxc6
Rxb6 21. Ra3 Rxc6 22. b3 Rb6 23. Rd1 Qb8 24. Rd3 Qa7 25. Bd2 Bf8 26. Ba5
Rb7 27. Nd4 d5 28. Ra4 dxc4 29. bxc4 Rb1+ 30. Kh2 Bd6+ 31. g3 Qb7 32. f3
Qb2+ 33. Rd2 Qc1 34. Ra1 Qh1# { White checkmated } 0-1

[Event "ICC tourney 2556 (25 5)"]
[Site "Internet Chess Club"]
[Date "2021.05.08"]
[Round "2"]
[White "KHOROSHEVSKI, LEAH:K05-17055150"]
[Black "BIRD, BRIAN:K05-15768143"]
[Result "0-1"]
[ICCResult "White checkmated"]
[WhiteElo "1031"]
[BlackElo "1530"]
[Opening "Caro-Kann defense"]
[ECO "B10"]
[NIC "CK.01"]
[Time "13:32:43"]
[PlyCount "134"]
[TimeControl "1500+5"]

1. e4 c6 2. Nf3 d5 3. e5 Bf5 4. d4 e6 5. Nc3 Nd7 6. Bf4 Rc8 7. Bd3 Bxd3 8.
Qxd3 Ne7 9. Bg5 h6 10. Bh4 Qb6 11. Rb1 Nf5 12. Bg3 c5 13. dxc5 Bxc5 14. Na4
Qa5+ 15. Nc3 d4 16. a3 Bxa3 17. bxa3 Rxc3 18. Qd2 Rxa3 19. O-O Qxd2 20.
Nxd2 b6 21. Rfd1 Nxg3 22. fxg3 Nxe5 23. Nb3 Nc6 24. Nxd4 Nxd4 25. Rxd4 O-O
26. g4 Rc8 27. Rc1 Rac3 28. Rd2 b5 29. Ra1 R8c7 30. Rd8+ Kh7 31. Ra8 Rxc2
32. R8xa7 Rxa7 33. Rxa7 Kg6 34. Rb7 Rc1+ 35. Kf2 Rb1 36. Kf3 b4 37. h4 b3
38. Rb4 b2 39. Kg3 f6 40. Rb7 f5 41. g5 hxg5 42. hxg5 Kxg5 43. Rxg7+ Kf6
44. Rb7 Ke5 45. Rb5+ Kd4 46. Rb6 e5 47. Kf2 Kc3 48. Kg3 Rf1 49. Rc6+ Kb3
50. Rb6+ Ka2 51. Ra6+ Kb1 52. Rb6 e4 53. Rb7 e3 54. Re7 f4+ 55. Kg4 Rf2 56.
g3 f3 57. Rxe3 Kc2 58. Rxf3 Rxf3 59. Kxf3 b1=Q 60. g4 Qb8 61. g5 Qg8 62.
Kg4 Kc3 63. Kh5 Kd4 64. g6 Ke5 65. Kh6 Kf6 66. g7 Qxg7+ 67. Kh5 Qg5# {
White checkmated } 0-1